 Dungeon Crawl Stone Soup version 0.25-a0-59-gf342c8b036 (webtiles) character file.

Game seed: 17335421213869132108, levelgen mode: deterministic

532 ViolentOr the Cutter (level 7, -1/44 HPs)
             Began as a Halfling Assassin on Oct 28, 2019.
             Slain by a centaur (6 damage)
             ... on level 5 of the Dungeon.
             The game lasted 00:19:48 (3937 turns).

ViolentOr the Cutter (Halfling Assassin)            Turns: 3937, Time: 00:19:49

Health: -1/44      AC:  8    Str: 14    XL:     7   Next: 49%
Magic:  7/7        EV: 16    Int:  9    God:
Gold:   249        SH:  0    Dex: 16    Spells: 6/6 levels left

rFire    + . .     SeeInvis .   b - +6 dagger
rCold    . . .     Gourm    .   (shield restricted)
rNeg     . . .     Faith    .   A - +2 leather armour {rF+}
rPois    .         Spirit   .   (no helmet)
rElec    .         Reflect  .   c - +0 cloak
rCorr    .         Harm     .   w - +0 pair of gloves
MR       .....                  q - +0 pair of boots
Stlth    +++.......             (no amulet)
HPRegen  0.14/turn              (no ring)
MPRegen  0.10/turn              (no ring)

@: no status effects
A: small, mutation resistance 1
a: no special abilities


You were on level 5 of the Dungeon.
You were not hungry.

You visited 1 branch of the dungeon, and saw 5 of its levels.

You collected 249 gold pieces.

Inventory:

Hand Weapons
 b - a +6 dagger (weapon)
   (You took it off a goblin on level 2 of the Dungeon)
 u - a +2 dagger of speed
   (You found it on level 4 of the Dungeon)
Missiles
 d - 37 poisoned darts (quivered)
 f - 2 curare-tipped darts {!f}
Armour
 c - a +0 cloak (worn)
 q - a +0 pair of boots (worn)
   (You found it on level 1 of the Dungeon)
 w - a +0 pair of gloves (worn)
   (You found it on level 2 of the Dungeon)
 A - a +2 leather armour of fire resistance (worn)
   (You found it on level 3 of the Dungeon)
Jewellery
 l - an uncursed amulet of faith {unknown}
   (You found it on level 1 of the Dungeon)
 r - an uncursed ring of protection from fire {unknown}
   (You found it on level 1 of the Dungeon)
 y - an uncursed amulet of harm {unknown}
   (You found it on level 2 of the Dungeon)
 B - a +5 ring of evasion {unknown}
   (You found it on level 4 of the Dungeon)
Wands
 v - a wand of polymorph (5)
   (You found it on level 3 of the Dungeon)
Scrolls
 g - a scroll of blinking {unknown}
 h - 4 scrolls of remove curse {unknown}
 k - 2 scrolls of magic mapping
 m - 3 scrolls of teleportation {@r4}
 n - a scroll of amnesia {unknown}
 p - a scroll of identify {@r1}
 s - a scroll of fear
Potions
 i - a potion of lignification {unknown}
 j - 2 potions of agility
 t - a potion of flight {unknown}
 x - 3 potions of heal wounds {@q2}
 z - a potion of resistance {unknown}
Comestibles
 e - 11 rations {!d}


   Skills:
 - Level 1.7 Fighting
 * Level 6.1 Short Blades
 + Level 3.8 Throwing
 + Level 3.6 Dodging
 + Level 5.9 Stealth


You had 6 spell levels left.
You didn't know any spells.
Your spell library was empty.

Dungeon Overview and Level Annotations

Branches:
Dungeon (5/15)
 Temple: D:4-7

Altars:
Vehumet

Annotations:
D:5 Dowan, Duvessa


Innate Abilities, Weirdness & Mutations

You are small and have problems with some larger weapons.
You are somewhat resistant to further mutation.


Message History

You are feeling hungry.
Eating a chunk of flesh.
You eat the chunk of flesh.
There is an open door here.
You open the door.
There is an open door here.
There is an open door here.
There is a stone staircase leading down here.
A centaur comes into view.
The centaur shouts!
The centaur wields a +0 shortbow.
The centaur shoots an arrow.
The arrow hits you!
The centaur shoots an arrow.
The arrow closely misses you.
You see here an arrow.
The centaur shoots an arrow.
The arrow hits you.
You see here an arrow.
The centaur shoots an arrow.
The arrow hits you!
* * * LOW HITPOINT WARNING * * *
You are too injured to fight recklessly!
You are too injured to fight recklessly!
You are too injured to fight recklessly!
You are too injured to fight recklessly!
You are too injured to fight recklessly!
You are too injured to fight recklessly!
You are too injured to fight recklessly!
You are too injured to fight recklessly!
The centaur shoots an arrow.
The arrow hits you!
* * * LOW HITPOINT WARNING * * *
The centaur shoots an arrow.
The arrow closely misses you.
You see here 2 arrows.
The centaur shoots an arrow.
The arrow completely misses you.
A centaur opens the large door.
You are too injured to fight recklessly!
You are too injured to fight recklessly!
The centaur unwields a +0 shortbow.
The centaur hits you.
* * * LOW HITPOINT WARNING * * *
There is a large open door, spattered with blood here.
You puncture the centaur!
The centaur hits you but does no damage.
You hit the centaur.
The centaur hits you but does no damage.
You barely miss the centaur. The centaur barely misses you.
You hit the centaur but do no damage. The centaur barely misses you.
You barely miss the centaur. The centaur misses you.
You closely miss the centaur.
The centaur hits you but does no damage.
You closely miss the centaur. The centaur closely misses you.
You barely miss the centaur.
The centaur hits you but does no damage.
You completely miss the centaur. The centaur completely misses you.
You hit the centaur but do no damage. The centaur hits you.
You die...

#########.# #.........#
#.#######.# #.# #.#
###'#######.########
#.........#.#.......
#.........#.#'####..
#..............# #..
###@....##.....###..
#######'c...#...........
#......((...>...........
+c..............#.#.....
#...............#.#...##
.................#+#...#
.#.......#.............##
#.......................
#..............#........


You could see a centaur.

Vanquished Creatures
  A sky beast (D:5)
  A phantom (D:3)
  A howler monkey (D:4)
  A centaur skeleton (D:5)
  Natasha (thrice) (D:3)
  4 gnolls (D:4)
  10 adders
  An ooze (D:1)
  A worm (D:3)
  A dart slug (D:4)
  4 leopard geckos
  5 orcs (D:3)
  4 giant cockroaches
  8 goblins
  15 hobgoblins
  A quokka (D:2)
  A ball python (D:1)
  6 bats
  6 frilled lizards
  4 kobolds
  A leopard gecko skeleton (D:4)
  6 rats
85 creatures vanquished.

Vanquished Creatures (others)
  A rat (D:3)
1 creature vanquished.

Grand Total: 86 creatures vanquished

Notes
Turn   | Place    | Note
-------+----------+-------------------------------------------
     0 | D:1      | ViolentOr the Halfling Assassin began the quest for the
                  | Orb.
     0 | D:1      | Reached XP level 1. HP: 14/14 MP: 1/1
    44 | D:1      | Reached XP level 2. HP: 15/19 MP: 2/2
   238 | D:1      | Reached skill level 3 in Short Blades
   429 | D:1      | Reached XP level 3. HP: 13/24 MP: 3/3
   930 | D:2      | Reached XP level 4. HP: 24/29 MP: 4/4
  1319 | D:2      | Reached skill level 5 in Stealth
  1343 | D:2      | Reached skill level 4 in Short Blades
  1354 | D:2      | Reached XP level 5. HP: 34/34 MP: 5/5
  1362 | D:2      | You fall into a shaft and drop 1 floor!
  1445 | D:3      | Noticed Natasha
  1661 | D:3      | Noticed a phantom
  1689 | D:3      | HP: 1/34 [phantom (6)]
  2017 | D:3      | Killed a phantom
  2017 | D:3      | Reached XP level 6. HP: 28/39 MP: 6/6
  2042 | D:3      | Found a radiant altar of Vehumet.
  2425 | D:3      | Killed Natasha
  2425 | D:3      | Reached skill level 5 in Short Blades
  2829 | D:3      | Noticed Natasha
  2837 | D:3      | Killed Natasha
  2843 | D:3      | Noticed Natasha
  2857 | D:3      | Killed Natasha
  3082 | D:4      | Reached XP level 7. HP: 34/44 MP: 7/7
  3496 | D:5      | Entered Level 5 of the Dungeon
  3743 | D:5      | Noticed Dowan
  3786 | D:5      | Reached skill level 6 in Short Blades
  3806 | D:5      | Noticed Duvessa
  3937 | D:5      | Slain by a centaur

Levels and vault maps discovered:
D:1:      roderic_crop_circles_arrival_small, layout_basic
D:2:      layout_basic, first_ration
D:3:      layout_basic, fiery_altar_vehumet, serial_park_tiny_2, uniq_natasha
D:4:      layout_cave_pools
D:5:      layout_basic, uniq_duvessa, uniq_eustachio

Skill      XL: |  1  2  3  4  5  6  7 |
---------------+----------------------+-----
Short Blades   | 3 4 5 6 |  6.1
Dodging        | 2 3 |  3.6
Stealth        | 5 |  5.9
Throwing       | 3 |  3.8
Fighting       | |  1.7

Action                   |  1- 3 |  4- 6 |  7- 9 || total
-------------------------+-------+-------+-------++-------
Melee: Dagger            |    82 |   195 |    68 ||   345
Throw: Dart              |     5 |    16 |       ||    21
  Use: Scroll            |       |     6 |     1 ||     7
 Stab: Sleeping          |     4 |     8 |       ||    12
       Distracted        |       |     1 |       ||     1
  Eat: Chunk             |       |     7 |     3 ||    10
Armor: Robe              |    15 |     3 |       ||    18
       Leather armour    |       |    16 |    25 ||    41
       Scale mail        |       |    20 |       ||    20
Dodge: Dodged            |    44 |    87 |    34 ||   165

Table legend:
 A = Non-vault XP
 B = Vault XP
 C = Vault XP percentage of total XP
 D = Non-vault monster count
 E = Vault monster count
 F = Vault count percentage of total count
                 A         B        C        D         E       F
            +---------+---------+-------+---------+---------+-------
      Total |     725 |      35 |   4.6 |      84 |       1 |   1.2
            +---------+---------+-------+---------+---------+-------
        D:1 |      52 |       0 |   0.0 |      27 |       0 |   0.0
        D:2 |     104 |       0 |   0.0 |      23 |       0 |   0.0
        D:3 |     242 |      35 |  12.6 |      20 |       1 |   4.8
        D:4 |     129 |       0 |   0.0 |       9 |       0 |   0.0
        D:5 |     198 |       0 |   0.0 |       5 |       0 |   0.0
            +---------+---------+-------+---------+---------+-------
